 Dungeon Crawl Stone Soup version 0.31-a0-799-g6bc09d010c (webtiles) character file.

Game seed: 7843766604171984928

709 kae the Cleaver (level 7, -1/57 HPs)
             Began as a Hill Orc Fighter on Sept 19, 2023.
             Slain by a sky beast (5 damage)
             ... on level 7 of the Dungeon.
             The game lasted 00:03:11 (4109 turns).

kae the Cleaver (Hill Orc Fighter)                  Turns: 4109, Time: 00:03:12

Health: -1/57      AC: -1    Str: 21    XL:     7   Next: 68%
Magic:  7/7        EV:  7    Int:  8    God:
Gold:   240        SH:  4    Dex: 10    Spells: 6/6 levels left

rFire   . . .        o - +1 hand axe (venom)
rCold   . . .        c - +0 buckler
rNeg    . . .        f - +1 chain mail
rPois   .            (no helmet)
rElec   .            (no cloak)
rCorr   .            (no gloves)
SInv    .            (no boots)
Will    .....        (no amulet) Stlth
                     (no ring)
HPRegen 0.29/turn    (no ring)
MPRegen 0.10/turn

%: no passive effects
@: corroded
A: no striking features
a: no special abilities


You were on level 7 of the Dungeon.
You visited 1 branch of the dungeon, and saw 6 of its levels.

You collected 240 gold pieces.


   Skills:
 - Level 3.6 Fighting
 + Level 11.0 Axes
 - Level 3.2 Armour
 - Level 3.2 Shields


You had 6 spell levels left.
You didn't know any spells.
Your spell library contained the following spells:

 Spells                   Type           Power      Damage    Failure   Level
 Apportation              Tloc           0%         N/A       98%         1
 Kiss of Death            Conj/Necr      0%         2d5       98%         1
 Necrotise                Necr           0%         1d4       98%         1
 Summon Small Mammal      Summ           0%         N/A       98%         1
 Confusing Touch          Hex            0%         N/A       100%        3
 Dispel Undead            Necr           0%         3d6       100%        4

Inventory:

Hand Weapons
 a - a +0 war axe
 o - a +1 hand axe of venom (weapon)
   (You found it on level 1 of the Dungeon)
Missiles
 e - 51 stones
 h - 3 javelins
Armour
 b - a +0 scale mail
 c - a +0 buckler (worn)
 f - a +1 chain mail (worn)
   (You found it on level 1 of the Dungeon)
Magical Staves
 m - a staff of cold {!a}
   (You found it on level 1 of the Dungeon)
Jewellery
 T - an amulet of faith {!P}
   (You found it on level 1 of the Dungeon)
Scrolls
 g - a scroll of enchant armour
 j - a scroll of teleportation {@r4}
Potions
 d - 3 potions of might
 k - 3 potions of curing {@q1}
 n - a potion of heal wounds {@q2}
 p - a potion of magic {unknown}
 r - 2 potions of ambrosia
 s - a potion of mutation {unknown}
 x - 3 potions of cancellation

Dungeon Overview and Level Annotations

Branches:
Dungeon (5/15) Zot: 26905
 Temple: D:4-7

Altars:
Cheibriados
Fedhas
Gozag
Hepliaklqana
Qazlal
Sif Muna
Trog
Xom
The Shining One

Annotations:
D:4 exclusion: goblin

#......######
#.####.....##
#.#....###.## #######
#.#.##.###.#. .......
##.#.#...##.#. .......
#...).._...... .......
##.#.##...#.#..
......J###..#.###.##.#..
......{@)'..#.###....#..
......K###..#.....####..
....... #..#####.......
<...... #........#+####
####### #.......##
#.......# #.......#
#.......# #.......#


You could see a jelly (very poisoned) and a kobold.


Message History

A jelly comes into view.
Unknown command.
There is an open door here.
A kobold comes into view. It is wielding a +0 whip.
The kobold shouts!
A kobold comes into view. It is wielding a +3 dagger.
A sky beast comes into view.
The kobold hits you but does no damage.
You hit the kobold.
You kill the kobold!
You barely miss the kobold.
The kobold hits you with a +0 dagger. 😕 HP[-1]
You take 1 damage, and now have 56/57 hp.
You hit the kobold but do no damage.
The kobold is poisoned.
The kobold hits you but does no damage.
You closely miss the kobold. You closely miss the kobold.
The kobold hits you but does no damage.
You barely miss the kobold.
You kill the kobold!
The kobold brigand throws a poisoned dart.
You block the poisoned dart.
The kobold brigand completely misses you.
Items here: ( )) †.
You hit the kobold brigand.
The kobold brigand hits you but does no damage. 😎 HP[+1]
Your hp is fully restored (57).
You hit the kobold brigand.
The kobold brigand is poisoned.
The kobold brigand hits you but does no damage.
You hit the kobold brigand.
The kobold brigand looks as sick as possible!
You barely miss the kobold brigand.
The kobold brigand hits you with a +0 dagger. 😕 HP[-2]
You take 2 damage, and now have 55/57 hp.
You hit the kobold brigand.
The kobold brigand looks as sick as possible!
The kobold brigand hits you with a +0 dagger. 😕 HP[-4]
You take 4 damage, and now have 51/57 hp.
You hit the kobold brigand.
The kobold brigand looks as sick as possible!
The kobold brigand hits you but does no damage.
You slash the kobold brigand!
The kobold brigand looks as sick as possible!
You kill the kobold brigand!
Your Axes skill increases to level 11!
You closely miss the orc. The orc closely misses you.
You barely miss the orc. You block the orc's attack. 😕 HP[+1]
You barely miss the orc. You hit the orc.
The orc is poisoned.
The orc hits you but does no damage.
The sky beast flickers out of sight!
Deactivating autopickup; reactivate with Ctrl-A.
You slash the orc!
You kill the orc!
The kobold throws a stone.
The stone barely misses you.
You slash the kobold!
You kill the kobold! 😕 HP[+1]
Found a stone staircase leading up.
The kobold barely misses you. The kobold closely misses you.
You block the kobold's attack.
There is an open door here.
Items here: ( ))) †††.
You closely miss the kobold. You hit the kobold.
You kill the kobold!
You hit the kobold.
The kobold is poisoned.
You kill the kobold!
The kobold hits you with a +3 dagger.
You hit something. You completely miss the kobold.
Something hits you but does no damage. 😕 HP[-1]
You take 1 damage, and now have 52/57 hp.
You hit the jelly.
The jelly is poisoned.
The acid corrodes you!
Your hands burn!
You miss something. Something hits you but does no damage.
You hit the jelly but do no damage.
Your hands burn!
You hit something. Something hits you but does no damage. The jelly hits you.
The acid corrodes you!
You are splashed with acid! 😮 HP[-18]
You take 18 damage, and now have 34/57 hp.
MASSIVE DAMAGE!! (PAUSE)
You miss something. You completely miss the jelly. You barely miss something.
You hit the jelly but do no damage.
Your hands burn!
The jelly hits you but does no damage. Something hits you.
* * * LOW HITPOINT WARNING * * *
Something shocks you.
* * * LOW HITPOINT WARNING * * *
😨 HP[-12]
You take 12 damage, and now have 22/57 hp.
MASSIVE DAMAGE!! (PAUSE)
You miss something. You hit the jelly. The acid corrodes you!
Your hands burn!
* * * LOW HITPOINT WARNING * * *
You barely miss the kobold. The jelly hits you.
* * * LOW HITPOINT WARNING * * *
You are splashed with acid!
* * * LOW HITPOINT WARNING * * *
Something hits you.
* * * LOW HITPOINT WARNING * * *
Something shocks you.
You die...

Skill      XL: |  1  2  3  4  5  6  7 |
---------------+----------------------+-----
Axes           | 3 4 5 6 8 9 11 | 11.0
Fighting       | |  3.6
Armour         | |  3.2
Shields        | |  3.2

Action                     |  1- 3 |  4- 6 |  7- 9 || total
---------------------------+-------+-------+-------++-------
  Melee: War axe           |    68 |       |       ||    68
         Hand axe          |    48 |   221 |    55 ||   324
    Use: Scroll            |       |     2 |    11 ||    13
 Armour: Chain mail        |    92 |   155 |    37 ||   284
         Scale mail        |     6 |       |       ||     6
  Dodge: Dodged            |    47 |    59 |    17 ||   123
  Block: Buckler           |    19 |    40 |     9 ||    68

Levels and vault maps discovered:
D:1:      eino_arrival_cavern_a, layout_basic
D:2:      layout_basic
D:3:      cheibrodos_greedy_goblins, layout_loops_ring, amethyst_killhole,
          roderic_roman_lattice
D:4:      minmay_skewed_foursquare, layout_cave_pools, old_standard_altar,
          doesnt_xom_only_xom, nicolae_tso_besieged_by_evil,
          minmay_goblin_outpost
D:5:      layout_gridville, nicolae_inconvenience_store, uniq_sigmund
D:7:      layout_basic, nicolae_overflow_crystal_walls, temple_green

Notes
Turn   | Place    | Note
-------+----------+-------------------------------------------
     0 | D:1      | kae the Hill Orc Fighter began the quest for the Orb.
     0 | D:1      | Reached XP level 1. HP: 19/19 MP: 1/1
     0 | D:1      | magus.rc [v1.11.3]
    77 | D:1      | You pick up a book of Cantrips and begin reading...
    77 | D:1      | You add the spells Necrotise, Summon Small Mammal and
                  | Apportation to your library.
   100 | D:1      | Reached skill level 3 in Axes
   249 | D:1      | Reached XP level 2. HP: 26/26 MP: 2/2
   399 | D:1      | Reached skill level 4 in Axes
   932 | D:2      | Reached XP level 3. HP: 29/31 MP: 3/3
   983 | D:2      | Reached skill level 5 in Axes
  1414 | D:2      | Reached XP level 4. HP: 31/39 MP: 4/4
  1737 | D:3      | Reached skill level 6 in Axes
  1744 | D:3      | Reached XP level 5. HP: 35/45 MP: 5/5
  1826 | D:3      | Reached skill level 7 in Axes
  2727 | D:4      | Reached skill level 8 in Axes
  2727 | D:4      | Reached XP level 6. HP: 49/51 MP: 6/6
  2943 | D:4      | Found a hazy altar of Hepliaklqana.
  3278 | D:4      | Reached skill level 9 in Axes
  3321 | D:4      | Found a glowing golden altar of the Shining One.
  3411 | D:4      | Found a shimmering altar of Xom.
  3413 | D:4      | Found a stormy altar of Qazlal.
  3413 | D:4      | Found a blossoming altar of Fedhas.
  3415 | D:4      | Found a bloodstained altar of Trog.
  3415 | D:4      | Found a snail-covered altar of Cheibriados.
  3415 | D:4      | Found an opulent altar of Gozag.
  3468 | D:4      | You pick up a book of Touch and begin reading...
  3468 | D:4      | You add the spells Kiss of Death, Confusing Touch and
                  | Dispel Undead to your library.
  3521 | D:4      | Reached XP level 7. HP: 52/57 MP: 7/7
  3857 | D:5      | Entered Level 5 of the Dungeon
  3935 | D:5      | Reached skill level 10 in Axes
  4008 | D:5      | You fall into a shaft and drop 2 floors!
  4009 | D:7      | Found a shimmering blue altar of Sif Muna.
  4096 | D:7      | Reached skill level 11 in Axes
  4109 | D:7      | HP: 9/57 [acid (11)]
  4109 | D:7      | HP: 4/57 [something (5)]
  4109 | D:7      | Slain by a sky beast

Vanquished Creatures
  A black bear (D:5)
  A kobold brigand (D:7)
  2 scorpions (D:4)
  A crimson imp (D:4)
  A jelly (D:5)
  An orc priest (D:4)
  2 iguanas
  3 orc wizards
  6 adders
  2 ufetubi (D:4)
  2 worms
  A dart slug (D:3)
  11 orcs
  8 bats
  9 endoplasms
  2 giant cockroaches (D:1)
  14 goblins
  17 hobgoblins
  5 jackals
  11 kobolds
  3 quokkas
  6 ball pythons
  2 frilled lizards (D:3)
  3 goblin zombies (D:4)
  A hobgoblin zombie (D:4)
  A kobold skeleton (D:4)
  3 kobold zombies (D:4)
  3 orc skeletons (D:4)
  9 rats
131 creatures vanquished.

Vanquished Creatures (others)
  An orc wizard (D:3)
1 creature vanquished.

Grand Total: 132 creatures vanquished

Table legend:
 A = Non-vault XP
 B = Vault XP
 C = Vault XP percentage of total XP
 D = Non-vault monster count
 E = Vault monster count
 F = Vault count percentage of total count
                 A         B        C        D         E       F
            +---------+---------+-------+---------+---------+-------
      Total |     829 |     185 |  18.2 |     100 |      32 |  24.2
            +---------+---------+-------+---------+---------+-------
        D:1 |      32 |       0 |   0.0 |      19 |       0 |   0.0
        D:2 |      61 |       0 |   0.0 |      22 |       0 |   0.0
        D:3 |     170 |      22 |  11.5 |      27 |      11 |  28.9
        D:4 |     250 |     163 |  39.5 |      19 |      21 |  52.5
        D:5 |     167 |       0 |   0.0 |       4 |       0 |   0.0
        D:7 |     149 |       0 |   0.0 |       9 |       0 |   0.0
            +---------+---------+-------+---------+---------+-------

Skill      XL: |  1  2  3  4  5  6  7 |
---------------+----------------------+-----
Axes           | 3 4 5 6 8 9 11 | 11.0
Fighting       | |  3.6
Armour         | |  3.2
Shields        | |  3.2

Action                     |  1- 3 |  4- 6 |  7- 9 || total
---------------------------+-------+-------+-------++-------
  Melee: War axe           |    68 |       |       ||    68
         Hand axe          |    48 |   221 |    55 ||   324
    Use: Scroll            |       |     2 |    11 ||    13
 Armour: Chain mail        |    92 |   155 |    37 ||   284
         Scale mail        |     6 |       |       ||     6
  Dodge: Dodged            |    47 |    59 |    17 ||   123
  Block: Buckler           |    19 |    40 |     9 ||    68

Illustrated notes

Table legend:
 A = Kills in this place as a percentage of kills in the entire game.
 B = Kills by you in this place as a percentage of kills by you in the entire game.
 C = Kills by friends in this place as a percentage of kills by friends in the entire game.
 D = Other kills in this place as a percentage of other kills in the entire game.
 E = Experience gained in this place as a percentage of experience gained in the entire game.
 F = Experience gained in this place divided by the number of levels of this place that you have seen.
                   A       B       C       D       E      F
               +-------+-------+-------+-------+-------+----------------------
         Total | 100.0 | 100.0 |   N/A | 100.0 | 100.0 | 169.0
       Dungeon | 100.0 | 100.0 |   N/A | 100.0 | 100.0 | 169.0
               +-------+-------+-------+-------+-------+----------------------

Table legend: (Time is in decaauts)
 A = Elapsed time spent in this place.
 B = Non-inter-level travel time spent in this place.
 C = Inter-level travel time spent in this place.
 D = Time resting spent in this place.
 E = Time spent auto-exploring this place.
 F = Levels seen in this place.
 G = Mean time per level.
                   A        B        C        D        E       F      G
               +--------+--------+--------+--------+--------+-----+--------+
         Total |   4109 |   3952 |    157 |     28 |   3119 |   6 |  684.8 |
       Dungeon |   4109 |   3952 |    157 |     28 |   3119 |   6 |  684.8 |
               +--------+--------+--------+--------+--------+-----+--------+

Top non-repeatable levels by time:
     D:4: 1124 daAuts
     D:3: 1001 daAuts
     D:1: 937 daAuts
     D:2: 806 daAuts
     D:5: 147 daAuts
     D:7: 93 daAuts
